 Dungeon Crawl Stone Soup version 0.18-a0-1088-g34ef3a2 (webtiles) character file.

7294 namelastname112 the Martial Artist (level 10, -1/84 HPs)
             Began as a White Draconian Wizard on Jan 15, 2016.
             Was a Priest of Ru.
             Slain by a komodo dragon (26 damage)
             ... on level 1 of the Lair of Beasts.
             The game lasted 00:34:14 (13588 turns).

namelastname112 the Martial Artist (DrWz)          Turns: 13588, Time: 00:34:15

Health: -1/84      AC:  9    Str: 10    XL:     10   Next: 89%
Magic:  14/14      EV: 16    Int: 19    God:    Ru [***...]
Gold:   484        SH:  2    Dex: 12    Spells: 1 memorised, 13 levels left

rFire  . . .     SeeInvis .       - Unarmed
rCold  + . .     Gourm    .     (armour unavailable)
rNeg   . . .     Faith    .     (no shield)
rPois  .         Spirit   .     a - +0 hat
rElec  .         Dismiss  .     J - +1 cloak
rCorr  .         Reflect  +     (no gloves)
SustAt .         Harm     .     (no boots)
MR     .....     Rnd*Tele +     f - +2 amulet of reflection
Stlth  ..........               n - +4 ring of evasion
                                N - ring of teleportation

@: short of breath, very heavily drained, not resistant to hostile enchantments,
extremely unstealthy
A: breathe frost, unfitting armour, cold resistance 1, cold-blooded, no stealth,
unskilled 1, inexperienced 1, AC +7
a: Breathe Frost, Draw Out Power, Renounce Religion, Evoke Teleportation


You were on level 1 of the Lair of Beasts.
You worshipped Ru.
Ru was most pleased with you.
You were hungry.

You visited 3 branches of the dungeon, and saw 12 of its levels.
You also visited: Ossuary.

You collected 565 gold pieces.
You spent 81 gold pieces at shops.

Inventory:

Hand Weapons
 y - a +3 dagger of protection
Missiles
 U - 2 curare-tipped needles
Armour
 a - a +0 hat (worn)
 m - a +1 buckler
 E - a +0 pair of gloves
 J - a +1 cloak (worn)
 O - a cursed -1 pair of gloves
Jewellery
 e - an uncursed amulet of rage
 f - a +2 amulet of reflection (around neck)
 n - a +4 ring of evasion (right hand)
 q - an uncursed ring of flight
 u - an uncursed ring of poison resistance
 F - a +5 ring of dexterity
 I - an uncursed ring of ice
 N - a ring of teleportation (left hand)
Wands
 i - a wand of draining (0/15)
 k - a wand of enslavement (10/24)
 o - a wand of digging (14/24)
 p - a wand of hasting (1/9)
 H - a wand of hasting (6/9)
 K - a wand of cold (0/15)
 T - a wand of draining (0/15)
Scrolls
 h - a scroll of enchant armour
 j - 4 scrolls of magic mapping
 l - 4 scrolls of blinking
 r - 2 scrolls of remove curse
 x - 2 scrolls of teleportation
 A - a scroll of enchant weapon
 M - a scroll of acquirement {unknown}
Potions
 d - 2 potions of curing
 g - 2 potions of cancellation
 t - a potion of poison {unknown}
 v - 5 potions of agility
 w - 2 potions of flight {unknown}
 z - 3 potions of brilliance
 B - 2 potions of might
 C - 2 potions of resistance
 G - 3 potions of ambrosia
 P - 2 potions of mutation {unknown}
 Q - a potion of haste {unknown}
 R - a potion of magic {unknown}
 S - a potion of berserk rage {unknown}
Books
 b - a book of Minor Magic

   Spells                             Type                      Level
   a - Magic Dart                     Conjuration                  1
   b - Blink                          Translocation                2
   c - Call Imp                       Summoning                    2
   d - Repel Missiles                 Charms/Air                   2
   e - Slow                           Hexes                        2
   f - Conjure Flame                  Conjuration/Fire             3
   g - Mephitic Cloud                 Conjuration/Poison/Air       3
 s - a book of Burglary

   Spells                             Type                      Level
   a - Swiftness                      Charms/Air                   2
   b - Passwall                       Transmutation/Earth          3
   c - Passage of Golubria            Translocation                4
   d - Lee's Rapid Deconstruction     Earth                        5
   e - Darkness                       Hexes                        6
   f - Invisibility                   Hexes                        6
 L - a book of Unlife

   Spells                             Type                      Level
   a - Recall                         Summoning/Translocation      3
   b - Animate Dead                   Necromancy                   4
   c - Control Undead                 Necromancy                   4
   d - Cigotuvi's Embrace             Necromancy                   5
   e - Death Channel                  Necromancy                   6
   f - Simulacrum                     Ice/Necromancy               6
Comestibles
 c - 8 bread rations


   Skills:
 + Level 6.7(2.0) Fighting
 + Level 5.9(1.3) Dodging
 + Level 12.8(7.3) Unarmed Combat
 - Level 2.6(0.0) Spellcasting
 - Level 0.8(0.0) Conjurations
   Level 0.8(0.0) Summonings
   Level 0.8(0.0) Translocations


You had 13 spell levels left.
You knew the following spells:

 Your Spells              Type           Power        Failure   Level  Hunger
z - Magic Dart            Conj           #...         21%         1    ##.....


Dungeon Overview and Level Annotations

Branches:
Dungeon (10/15)            Temple (1/1) D:5            Lair (1/8) D:9
    Orc: D:9-12

Altars:
Dithmenos
Fedhas
Gozag
Makhleb
Nemelex Xobeh
Okawaru
Qazlal
Ru
Sif Muna
Trog
Vehumet
Xom
Yredelemnul
Zin

Shops:
D:5 %   D:6 *

Annotations:
D:10 Snorg, Sonja


Innate Abilities, Weirdness & Mutations

You can breathe waves of freezing cold.
You can buffet flying creatures when you breathe cold.
Your icy white scales are hard (AC +7).
Your body does not fit into most forms of armour.
Your flesh is cold resistant.
You are cold-blooded and may be slowed by cold attacks.
You cannot be stealthy.
You are somewhat unskilled (-1 Apt).
You are somewhat inexperienced (-2 XL).


Message History

The komodo dragon barely misses you.
You hit the komodo dragon.
The komodo dragon is heavily wounded.
The komodo dragon bites you.
You hit the komodo dragon but do no damage.
The komodo dragon is heavily wounded.
The komodo dragon bites you!!
* * * LOW HITPOINT WARNING * * *
You hit the komodo dragon.
The komodo dragon is heavily wounded.
You hit the komodo dragon.
You tail-slap the komodo dragon, but do no damage.
The komodo dragon is severely wounded.
The komodo dragon is no longer blind.
The komodo dragon barely misses you.
You hit the komodo dragon but do no damage.
The komodo dragon is severely wounded.
You hit the komodo dragon.
The komodo dragon is severely wounded.
The komodo dragon bites you!!
You die...

#r#r#.#.#
#...S###.##
#r.....# #)....#...
###..r## ##......#
##rY# #.#....=##.#
.# ##r# #...<.###
#.# #r# ##....# #.#
#S# #.#.... ... #l#
#.###.## #.# ###
##@# #. ## # #.#
###.####..#
.###.###.#...รท...#
...?.l.....#######
#..#..######
##....# #.#.##
#.#... #.####.#


You could see a komodo dragon, a water moccasin, a sheep and 4 river rats.

Vanquished Creatures
  Joseph (D:10)
  A fire drake (D:9)
  2 trolls
  6 slime creatures
  Prince Ribbit (D:5)
  3 yaks (D:9)
  2 wyverns
  A hippogriff (D:9)
  A hungry ghost (D:10)
  Menkaure (Ossuary)
  A porcupine (Lair:1)
  4 orc warriors
  A necrophage (D:7)
  An ice beast (D:6)
  5 sky beasts
  8 ogres
  5 centaurs
  A crocodile (Lair:1)
  A big kobold (D:9)
  6 giant frogs
  A scorpion (D:7)
  A water moccasin skeleton (D:6)
  8 killer bees
  3 wights (D:9)
  5 crimson imps
  3 centaur zombies
  A giant frog zombie (D:8)
  3 giant frog skeletons
  5 hounds
  A gnoll shaman (D:8)
  2 jellies (D:7)
  5 orc priests
  10 orc wizards
  2 centaur skeletons
  7 worker ants
  6 iguanas
  3 sheep (Lair:1)
  A killer bee zombie (D:7)
  4 ogre zombies (Ossuary)
  2 big kobold zombies (Ossuary)
  A hound skeleton (D:10)
  6 mummies (Ossuary)
  A worker ant zombie (D:9)
  12 adders
  3 gnolls (D:8)
  A river rat (Lair:1)
  A shadow imp (D:8)
  2 oozes
  7 adder zombies
  3 worms
  2 giant geckos
  50 orcs
  10 bats
  7 giant cockroaches
  A gnoll zombie (Ossuary)
  6 goblins
  6 hobgoblins
  13 jackals
  10 kobolds
  4 quokkas
  2 ball pythons
  A giant gecko skeleton (D:4)
  6 giant newts
  3 goblin zombies (Ossuary)
  6 hobgoblin zombies (Ossuary)
  2 jackal skeletons
  A jackal zombie (D:6)
  3 kobold zombies (Ossuary)
  An orc zombie (Ossuary)
  4 quokka zombies
  8 rats
  2 rat zombies (Ossuary)
310 creatures vanquished.

Vanquished Creatures (others)
  A big kobold (D:9)
  A plant (Lair:1)
2 creatures vanquished.

Grand Total: 312 creatures vanquished

Notes
Turn   | Place    | Note
--------------------------------------------------------------
     0 | D:1      | namelastname112 the Draconian Wizard began the quest for the Orb.
     0 | D:1      | Reached XP level 1. HP: 14/14 MP: 4/4
   171 | D:1      | Reached skill level 1 in Unarmed Combat
   407 | D:1      | Reached XP level 2. HP: 12/20 MP: 0/6
   425 | D:1      | HP: 1/20 [jackal (1)]
  1111 | D:2      | Reached XP level 3. HP: 24/26 MP: 7/7
  1701 | D:3      | Reached XP level 4. HP: 21/33 MP: 6/8
  1712 | D:3      | Reached skill level 4 in Unarmed Combat
  2131 | D:3      | Reached XP level 5. HP: 38/38 MP: 9/9
  2389 | D:3      | Reached skill level 5 in Unarmed Combat
  2533 | D:3      | Found a shimmering altar of Xom.
  2533 | D:3      | Found a burning altar of Makhleb.
  2611 | D:3      | You fall through a shaft!
  3255 | D:4      | Reached XP level 6. HP: 35/45 MP: 10/10
  3337 | D:4      | Reached skill level 6 in Unarmed Combat
  3462 | D:4      | Found a shadowy altar of Dithmenos.
  4068 | D:5      | Entered Level 5 of the Dungeon
  4209 | D:5      | Reached skill level 7 in Unarmed Combat
  4293 | D:5      | Noticed Prince Ribbit
  4343 | D:5      | Reached XP level 7. HP: 41/50 MP: 9/11
  4343 | D:5      | Your scales start taking on an icy white colour.
  4343 | D:5      | Gained mutation: Your flesh is cold resistant. [White Draconian growth]
  4485 | D:5      | Found Voerhaomp's Food Emporium.
  4687 | D:5      | Found a deep blue altar of Sif Muna.
  4725 | D:5      | Reached skill level 8 in Unarmed Combat
  5053 | D:5      | Killed Prince Ribbit
  5053 | D:5      | Reached skill level 9 in Unarmed Combat
  5053 | D:5      | Reached XP level 8. HP: 30/57 MP: 7/12
  5369 | D:5      | Found a staircase to the Ecumenical Temple.
  5389 | Temple   | Entered the Ecumenical Temple
  5405 | Temple   | Became a worshipper of Ru the Awakened
  5557 | D:6      | Found Ocemiwumm's Assorted Antiques.
  5568 | D:6      | Bought a pink potion for 26 gold pieces
  5568 | D:6      | Bought a pink potion for 26 gold pieces
  5568 | D:6      | Bought a scroll labeled FEUSA BYKYCACK for 29 gold pieces
  5736 | D:6      | Reached skill level 10 in Unarmed Combat
  6642 | D:7      | Reached skill level 11 in Unarmed Combat
  6802 | D:7      | Gained mutation: You are somewhat inexperienced (-2 XL). [Ru sacrifice]
  6802 | D:7      | Reached XP level 7. HP: 50/50 MP: 11/11
  6802 | D:7      | Reached XP level 6. HP: 45/45 MP: 10/10
  6802 | D:7      | Reached * piety under Ru
  6847 | D:7      | Reached XP level 7. HP: 41/50 MP: 11/11
  7599 | D:8      | Found a stormy altar of Qazlal.
  7609 | D:8      | Reached skill level 12 in Unarmed Combat
  7609 | D:8      | Reached XP level 8. HP: 36/57 MP: 12/12
  7697 | D:8      | Found a sand-covered staircase.
  7705 | Ossuary  | Entered an ossuary
  8252 | Ossuary  | Reached skill level 1 in Fighting
  8349 | Ossuary  | Noticed Menkaure
  8372 | Ossuary  | Killed Menkaure
  8941 | D:8      | Reached XP level 9. HP: 66/69 MP: 13/13
  9342 | D:8      | Gained mutation: You are somewhat unskilled (-1 Apt). [Ru sacrifice]
  9342 | D:8      | Reduced skill Unarmed Combat to level 11
  9342 | D:8      | Reached ** piety under Ru
  9342 | D:8      | Reached *** piety under Ru
  9346 | D:8      | Found a deep blue altar of Sif Muna.
  9626 | D:8      | Noticed a troll
  9636 | D:8      | Killed a troll
  9911 | D:9      | Found a staircase to the Lair.
  9911 | D:9      | Noticed a fire drake
  9923 | D:9      | Killed a fire drake
  9923 | D:9      | Reached skill level 12 in Unarmed Combat
 10634 | D:9      | Found a bloodstained altar of Trog.
 10651 | D:9      | Noticed a troll
 10666 | D:9      | Killed a troll
 10681 | D:9      | Reached XP level 10. HP: 36/80 MP: 14/14
 10948 | D:9      | Reached skill level 5 in Fighting
 11332 | D:9      | Reached skill level 5 in Dodging
 12579 | D:10     | Entered Level 10 of the Dungeon
 12641 | D:10     | Noticed Snorg
 12643 | D:10     | Gained mutation: You cannot be stealthy. [Ru sacrifice]
 12648 | D:10     | Noticed Joseph
 12665 | D:10     | Killed Joseph
 12786 | D:10     | Noticed Sonja
 13221 | Lair:1   | Entered Level 1 of the Lair of Beasts
 13258 | Lair:1   | HP: 2/84 [komodo dragon (32)]
 13588 | Lair:1   | Slain by a komodo dragon

Vault maps used:
D:1:      lightli_arrival_statuegarden, minivault_14
D:2:      first_bread
D:3:      grunt_temple_overflow_champion_of_chaos
D:4:      nicolae_dithmenos_the_darkroom, minmay_joined_circles
D:5:      temple_hall, serial_shops, shop, led_sif_book, uniq_prince_ribbit1
D:6:      serial_shops, shop_fountains
D:8:      nicolae_qazlal_general_emergency, kennysheep_mini_moat,
          chequers_ossuary_entry_cave
D:9:      nicolae_overflow_hidden_temple, minmay_lair_entry_lava
D:10:     special_room, uniq_psyche, uniq_sonja, uniq_snorg, uniq_joseph
Temple:   water_room_temple_a_12
Ossuary:  ossuary_boxes_badplayer

Action                   |  1- 3 |  4- 6 |  7- 9 | 10-12 || total
-------------------------+-------+-------+-------+-------++-------
Melee: Unarmed           |    54 |    36 |   530 |   326 ||   946
       Dagger            |   117 |   365 |       |       ||   482
       Hand axe          |     2 |       |       |       ||     2
 Cast: Magic Dart        |    44 |    83 |     4 |       ||   131
Invok: Sacrifice Experie |       |     1 |       |       ||     1
       Sacrifice Skill   |       |       |     1 |       ||     1
       Draw Out Power    |       |       |       |     1 ||     1
       Sacrifice Stealth |       |       |       |     1 ||     1
 Abil: Breathe Frost     |       |       |    26 |    11 ||    37
Evoke: Wand              |       |       |     4 |     4 ||     8
  Use: Potion            |     2 |     3 |     3 |     3 ||    11
       Scroll            |       |    14 |    10 |     5 ||    29
 Stab: Sleeping          |     2 |     1 |    16 |       ||    19
       Distracted        |     1 |       |       |     1 ||     2
       Invisible         |       |       |     1 |     2 ||     3
  Eat: Chunk             |     2 |     8 |    13 |     4 ||    27
       Beef jerky        |       |     1 |     1 |       ||     2
       Bread ration      |       |       |     1 |     3 ||     4
       Meat ration       |       |       |     1 |       ||     1
       Pizza             |       |       |     1 |       ||     1
